 Dungeon Crawl Stone Soup version 0.26-a0-54-g15ccc7ae60 (webtiles) character file.

Game seed: 3020163242454440121

177252 Ozzies the Warrior (level 17, -47/122 HPs)
             Began as a Gargoyle Fighter on June 7, 2020.
             Was the Champion of Qazlal.
             Annihilated by a titanic slime creature (64 damage)
             ... on level 13 of the Dungeon.
             The game lasted 01:58:13 (31217 turns).

Ozzies the Warrior (Gargoyle Fighter)              Turns: 31217, Time: 01:58:13

Health: -47/122    AC: 45    Str: 31    XL:     17   Next: 85%
Magic:  24/24      EV:  7    Int: 13    God:    Qazlal [******]
Gold:   3170       SH: 27    Dex:  9    Spells: 16/16 levels left

rFire    . . .     SeeInvis +   o - +9 eveningstar (protect)
rCold    + . .     Gourm    .   B - +0 tower shield
rNeg     + . .     Faith    .   Z - +1 plate armour {rC+}
rPois    ∞         Spirit   .   F - +1 helmet of Music {rElec Int+2}
rElec    +         Reflect  .   T - +1 cloak {MR+}
rCorr    +         Harm     .   w - +2 pair of gloves of Terror {rPois rCorr}
MR       +++..                  I - +0 pair of boots
Stlth    ..........             b - amulet of magic regeneration
HPRegen  0.30/turn              a - ring of Oruynoc {*Drain rElec rPois MR+ SInv}
MPRegen  0.44/turn              y - +6 ring of strength

@: protection aura, hasted, repel missiles, very quick
A: big wings, negative energy resistance 1, electricity resistance, unbreathing,
petrification resistance, rot immunity, AC +12
}: 1/15 runes: gossamer
a: Fly, Upheaval, Elemental Force, Disaster Area, Renounce Religion


You were on level 13 of the Dungeon.
You worshipped Qazlal.
Qazlal was exalted by your worship.
You were near starving.

You visited 6 branches of the dungeon, and saw 27 of its levels.
You also visited: Ossuary and Desolation.

You collected 3303 gold pieces.
You spent 133 gold pieces at shops.

Inventory:

Hand Weapons
 c - the +1 eveningstar of Adockedu {drain, rPois}
   (You took it off a centaur warrior on level 11 of the Dungeon)

   A truly terrible weapon, it drains the life of those it strikes.
   It protects you from poison.
 o - a +9 eveningstar of protection (weapon)
 t - a +2 morningstar of draining
 G - a +6 flail of flaming
Armour
 w - the +2 pair of gloves of Terror (worn) {rPois rCorr}
   (You found it on level 2 of the Elven Halls)

   It protects you from poison.
   It provides partial protection from all sources of acid and corrosion.
 B - a +0 tower shield (worn)
 F - the +1 helmet of Music (worn) {rElec Int+2}
   (You found it on level 1 of the Elven Halls)

   It affects your intelligence (+2).
   It insulates you from electricity.
 I - a +0 pair of boots (worn)
 N - a +2 scale mail of cold resistance
 P - a +2 pair of gloves of archery
 T - a +1 cloak of magic resistance (worn)
 Z - a +1 plate armour of cold resistance (worn)
Jewellery
 a - the ring of Oruynoc (left hand) {*Drain rElec rPois MR+ SInv}
   (You acquired it on level 10 of the Dungeon)

   [ring of protection from magic]

   It insulates you from electricity.
   It protects you from poison.
   It affects your resistance to hostile enchantments.
   It lets you see invisible.
   It causes draining when unequipped.
 b - an amulet of magic regeneration (around neck)
 q - a +6 ring of intelligence
 v - an uncursed ring of protection from magic
 y - a +6 ring of strength (right hand)
 R - the ring of the Invisible Hand {*Slow rElec rC++ Str+6 Dex+3}
   (You found it on level 2 of the Elven Halls)

   [ring of strength]

   It affects your strength (+6).
   It affects your dexterity (+3).
   It greatly protects you from cold.
   It insulates you from electricity.
   It may slow you when you take damage.
 U - a +6 ring of intelligence
 Y - an uncursed ring of positive energy
Wands
 l - a wand of random effects (108)
 A - a wand of digging (7)
 D - a wand of flame (38)
 O - a wand of clouds (16)
 S - a wand of disintegration (16)
 V - a wand of acid (10)
 W - a wand of iceblast (17)
Scrolls
 g - 9 scrolls of identify
 r - a scroll of blinking
 s - 2 scrolls of fear
 u - 14 scrolls of teleportation
 x - 13 scrolls of amnesia
 z - 11 scrolls of remove curse
 C - 5 scrolls of enchant armour
 Q - 8 scrolls of magic mapping
Potions
 d - 5 potions of might
 e - 2 potions of mutation
 f - a potion of magic
 h - 17 potions of curing
 i - a potion of invisibility
 k - a potion of resistance
 m - 3 potions of cancellation
 n - 2 potions of heal wounds
 p - 5 potions of haste
 E - 5 potions of brilliance
 H - 3 potions of berserk rage
 J - 7 potions of lignification
 K - 3 potions of ambrosia
 L - 2 potions of stabbing
Miscellaneous
 M - a phantom mirror
Comestibles
 j - 42 rations


   Skills:
 + Level 19.4 Fighting
 + Level 18.9 Maces & Flails
 - Level 10.0 Armour
 - Level 5.0 Dodging
 - Level 10.0 Shields
 + Level 10.2 Invocations


You had 16 spell levels left.
You didn't know any spells.
Your spell library contained the following spells:

 Spells                   Type           Power        Failure   Level  Hunger
 Animate Skeleton         Necr           N/A          100%        1    ##.....
 Corona                   Hex            #......      100%        1    ##.....
 Foxfire                  Conj/Fire      #...         100%        1    ##.....
 Infusion                 Chrm           #...         100%        1    ##.....
 Magic Dart               Conj           #...         100%        1    ##.....
 Sandblast                Erth           #.....       100%        1    ##.....
 Shock                    Conj/Air       #...         100%        1    ##.....
 Summon Small Mammal      Summ           #...         100%        1    ##.....
 Blink                    Tloc           N/A          100%        2    ###....
 Call Imp                 Summ           #.......     100%        2    ###....
 Corpse Rot               Necr/Air       N/A          100%        2    ###....
 Passwall                 Tmut/Erth      #.......     100%        2    ###....
 Searing Ray              Conj           #.....       100%        2    ###....
 Shroud of Golubria       Chrm/Tloc      #.....       100%        2    ###....
 Slow                     Hex            #.......     100%        2    ###....
 Song of Slaying          Chrm           #.......     100%        2    ###....
 Swiftness                Chrm/Air       #.......     100%        2    ###....
 Call Canine Familiar     Summ           #.......     100%        3    ####...
 Conjure Flame            Conj/Fire      #.......     100%        3    ####...
 Dazzling Flash           Conj/Hex       #.....       100%        3    ####...
 Inner Flame              Hex/Fire       #.......     100%        3    ####...
 Mephitic Cloud           Conj/Pois/Air  #.......     100%        3    ####...
 Ozocubu's Armour         Chrm/Ice       #.......     100%        3    ####...
 Portal Projectile        Hex/Tloc       #.....       100%        3    ####...
 Spectral Weapon          Hex/Chrm       #.......     100%        3    ####...
 Static Discharge         Conj/Air       #.......     100%        3    ####...
 Stone Arrow              Conj/Erth      #.....       100%        3    ####...
 Summon Guardian Golem    Hex/Summ       #.......     100%        3    ####...
 Airstrike                Air            #.........   100%        4    #####..
 Animate Dead             Necr           N/A          100%        4    #####..
 Cause Fear               Hex            #.........   100%        4    #####..
 Dispel Undead            Necr           #.......     100%        4    #####..
 Fulminant Prism          Conj/Hex       #.........   100%        4    #####..
 Hailstorm                Conj/Ice       #.......     100%        4    #####..
 Ice Form                 Ice/Tmut       #.......     100%        4    #####..
 Iskenderun's Mystic Bla  Conj/Tloc      #.......     100%        4    #####..
 Leda's Liquefaction      Hex/Erth       #.........   100%        4    #####..
 Olgreb's Toxic Radiance  Pois           #.......     100%        4    #####..
 Petrify                  Tmut/Erth      #.......     100%        4    #####..
 Sticky Flame             Conj/Fire      #.......     100%        4    #####..
 Summon Ice Beast         Ice/Summ       #.......     100%        4    #####..
 Summon Lightning Spire   Summ/Air       #.......     100%        4    #####..
 Agony                    Necr           #.......     100%        5    ######.
 Excruciating Wounds      Chrm/Necr      #.........   100%        5    ######.
 Fireball                 Conj/Fire      #.........   100%        5    ######.
 Lee's Rapid Deconstruct  Erth           #.........   100%        5    ######.
 Lightning Bolt           Conj/Air       #.........   100%        5    ######.
 Sublimation of Blood     Necr           Unusable     N/A         2    N/A

Dungeon Overview and Level Annotations

Branches:
Dungeon (13/15)            Temple (1/1) D:5            Lair (5/6) D:10
 Shoals (0/4) Lair:2       Spider (4/4) Lair:4        Slime (0/5) Lair:5
    Orc (2/2) D:11            Elf (2/3) Orc:2       Ossuary (visited)
Desolation (visited)
 Vaults: D:13-14

Altars:
Ashenzari
Cheibriados
Dithmenos
Elyvilon
Fedhas
Gozag
Hepliaklqana
Kikubaaqudgha
Makhleb
Nemelex Xobeh
Okawaru
Qazlal
Ru
Sif Muna
Trog
Uskayaw
Vehumet
Wu Jian
Xom
Yredelemnul
Zin
The Shining One
Beogh
Jiyva

Shops:
D:10 *%(   D:11 (   D:13 :   Orc:2 (*:


Innate Abilities, Weirdness & Mutations

You are resistant to torment.
Your stone body is resilient. (AC +12)
You are immune to poison.
Your large and strong wings let you fly indefinitely.
You resist negative energy. (rN+)
You are resistant to electric shocks. (rElec)
You can survive without breathing.
You are immune to petrification.
You are immune to rotting.


Message History

You block the harpy zombie's attack. x2
The meliai invokes the aid of its god against you.
Something smites you!
The harpy zombie is struck by lightning.
You destroy the harpy zombie!
Qazlal accepts your kill. The titanic slime creature hits you!!
* * * LOW HITPOINT WARNING * * *
The meliai calls down the wrath of its god upon you.
Something smites you!
* * * LOW HITPOINT WARNING * * *
You hear a shout!
You feel much better. The meliai hits you with a +0 hand axe.
* * * LOW HITPOINT WARNING * * *
You block the meliai's attack. x3
The titanic slime creature barely misses you.
You feel yourself speed up. You block the meliai's attack. x2
The titanic slime creature hits you!!!
Ouch! That really hurt!
You die...

#####.# #.. ##<....#
#.# ##...#### #.#
#.###.## #.#
.#####.##### #.#
.#...#.....# #.#
.#.#.#.###.# #.# #
...#...###.#####@#.#
.#####.........§yJy#
..
#...#####...○#?#.....
.# #.###
####..∩§.##.# .#..>
###.#.# .##. ...#
.... #### ###


You could see a titanic slime creature and 2 meliai.

Vanquished Creatures
  Jorgrun (D:12)
  A fire giant (D:11)
  An imperial myrmidon (Elf:2)
  A deep elf sorcerer (Elf:1)
  5 ghost moths
  Louise (Spider:1)
  9 emperor scorpions
  3 entropy weavers
  A stone giant (Orc:2)
  A deep elf demonologist (Elf:1)
  A deep elf death mage (Elf:1)
  A fire dragon (D:11)
  A servant of whispers (Desolation)
  2 ragged hierophants
  Erolcha (D:12)
  Fannar (D:11)
  A peacekeeper (Elf:2)
  5 hydras
  2 centaur warriors
  An orc high priest (Orc:1)
  3 tengu warriors
  22 dancing weapons
  13 deep elf knights
  A hell knight (D:11)
  An unseen horror (D:12)
  A swamp dragon (shapeshifter) (Elf:1)
  8 deep elf archers
  The ghost of vurker the Thaumaturge, a novice DECj of Vehumet (D:6)
  Pikel (D:9)
  3 orc knights (Orc:2)
  14 orb spiders
  A lindwurm (Lair:5)
  2 orc sorcerers (Orc:2)
  4 oklob plants (Lair:2)
  A faun (shapeshifter) (Elf:2)
  An ugly thing (D:11)
  22 wolf spiders
  3 cyclopes
  51 deep elf magi
  3 manticores
  A moth of wrath (shapeshifter) (Elf:2)
  2 moths of wrath
  3 black mambas
  Joseph (D:7)
  A guardian serpent (Desolation)
  Maurice (D:9)
  8 spiny frogs
  2 torpor snails
  Maggie (D:9)
  A centaur skeleton (D:11)
  A gargoyle (D:12)
  18 demonic crawlers
  2 rime drakes
  22 jumping spiders
  A queen bee (Lair:5)
  A polar bear (shapeshifter) (Elf:2)
  A harpy zombie (D:13)
  3 meliai (Lair:5)
  5 saltlings
  4 hornets
  3 trolls
  A slime creature (D:13)
  7 hippogriffs
  2 dream sheep (Lair:4)
  10 blink frogs
  2 water elementals
  55 redbacks
  A shadow (D:11)
  A vampire (D:10)
  23 tarantellas
  An air elemental (Elf:1)
  2 fire elementals (Elf:2)
  A wyvern (Lair:1)
  3 basilisks
  13 yaks
  A steam dragon (D:9)
  A wraith (D:10)
  2 hungry ghosts
  4 wargs
  Edmund (D:4)
  2 soldier ants
  2 acid dragons (D:11)
  5 water moccasins
  A hornet zombie (D:5)
  2 ice beasts
  3 porcupines
  A sky beast (D:10)
  16 orc warriors
  6 ogres
  A black bear (D:11)
  3 phantoms (D:11)
  3 slaves (D:9)
  An eye of draining (D:10)
  4 wolves (Lair:3)
  16 crocodiles
  4 centaurs (D:11)
  6 big kobolds
  14 bullfrogs
  2 wyvern zombies (D:11)
  3 earth elementals
  A water moccasin zombie (Ossuary)
  2 scorpions
  4 troll zombies (D:11)
  28 killer bees
  11 electric eels
  3 howler monkeys
  3 bullfrog zombies
  6 centaur zombies
  5 crimson imps
  A quasit (D:5)
  8 bullfrog skeletons
  8 hounds
  3 jellies
  15 orc priests
  6 iguanas
  Natasha (thrice) (D:3)
  20 orc wizards
  5 worker ants
  A killer bee zombie (Ossuary)
  4 ogre zombies (D:11)
  2 hound zombies (Ossuary)
  16 mummies
  2 worker ant zombies (Ossuary)
  14 adders
  17 gnolls
  4 river rats (D:5)
  4 shadow imps
  2 oozes (D:2)
  3 adder zombies (Ossuary)
  2 worms
  9 dart slugs
  4 leopard geckos
  57 orcs
  6 giant cockroaches
  9 goblins
  8 hobgoblins
  15 jackals
  11 quokkas
  10 bats
  8 frilled lizards
  2 goblin skeletons (D:11)
  3 goblin zombies (D:11)
  3 hobgoblin skeletons (D:11)
  A jackal zombie (Ossuary)
  30 kobolds
  A leopard gecko skeleton (D:6)
  3 leopard gecko zombies
  2 orc skeletons (D:11)
  15 orc zombies (D:11)
  A quokka zombie (Ossuary)
  23 rats
928 creatures vanquished.

Vanquished Creatures (collateral kills)
  An orc warlord (Orc:2)
  An orb spider (Spider:4)
  2 saltlings (Desolation)
  An orc (Orc:2)
5 creatures vanquished.

Vanquished Creatures (others)
  2 deep elf knights (Elf:2)
  A redback (Spider:3)
  A gnoll (D:6)
  3 fungi
  4 plants
11 creatures vanquished.

Grand Total: 944 creatures vanquished

Notes
Turn   | Place    | Note
-------+----------+-------------------------------------------
     0 | D:1      | Ozzies the Gargoyle Fighter began the quest for the Orb.
     0 | D:1      | Reached XP level 1. HP: 14/14 MP: 1/1
   102 | D:1      | Reached XP level 2. HP: 18/19 MP: 2/2
   448 | D:1      | Reached XP level 3. HP: 15/23 MP: 3/3
  1075 | D:2      | Reached XP level 4. HP: 18/29 MP: 4/4
  1267 | D:2      | Found a faded altar of an unknown god.
  1319 | D:2      | Reached skill level 4 in Fighting
  1381 | D:2      | Became a worshipper of Qazlal Stormbringer
  1381 | D:2      | Reached * piety under Qazlal
  2028 | D:2      | Reached XP level 5. HP: 24/34 MP: 5/5
  2547 | D:3      | Noticed Natasha
  2553 | D:3      | Killed Natasha
  2593 | D:3      | Noticed Natasha
  2601 | D:3      | Killed Natasha
  2680 | D:3      | Reached skill level 5 in Fighting
  2686 | D:3      | Reached XP level 6. HP: 36/40 MP: 6/6
  2692 | D:3      | Reached ** piety under Qazlal
  2708 | D:3      | Found a shimmering altar of Xom.
  2709 | D:3      | Found a shimmering altar of Xom.
  2711 | D:3      | Found a shimmering altar of Xom.
  2711 | D:3      | Found a shimmering altar of Xom.
  2711 | D:3      | Found a shimmering altar of Xom.
  2791 | D:3      | Found a radiant altar of Vehumet.
  2833 | D:3      | Found a shimmering altar of Xom.
  2833 | D:3      | Found a shimmering altar of Xom.
  3060 | D:3      | Noticed Natasha
  3090 | D:3      | Killed Natasha
  3943 | D:4      | Reached skill level 6 in Fighting
  3943 | D:4      | Reached skill level 5 in Armour
  3950 | D:4      | Reached XP level 7. HP: 21/46 MP: 7/7
  5016 | D:4      | Noticed Edmund
  5057 | D:4      | Killed Edmund
  5057 | D:4      | Reached skill level 7 in Fighting
  5530 | D:5      | Entered Level 5 of the Dungeon
  5653 | D:5      | Found a staircase to the Ecumenical Temple.
  5710 | D:5      | Reached XP level 8. HP: 53/54 MP: 8/8
  5736 | Temple   | Entered the Ecumenical Temple
  5996 | D:5      | Found an opulent altar of Gozag.
  6029 | D:5      | Found a shadowy altar of Dithmenos.
  6087 | D:5      | Reached skill level 5 in Maces & Flails
  6139 | D:5      | Found an ancient bone altar of Kikubaaqudgha.
  6233 | D:5      | Reached *** piety under Qazlal
  6239 | D:5      | Reached skill level 8 in Fighting
  6759 | D:6      | Reached skill level 9 in Fighting
  6771 | D:6      | Found a sand-covered staircase.
  6778 | Ossuary  | Entered an ossuary
  6813 | Ossuary  | Reached **** piety under Qazlal
  6931 | Ossuary  | Reached XP level 9. HP: 54/62 MP: 9/9
  7022 | Ossuary  | Reached skill level 10 in Fighting
  7337 | D:6      | Found a bloodstained altar of Trog.
  7439 | D:6      | Reached skill level 1 in Dodging
  7714 | D:6      | Noticed vurker's ghost (novice DECj)
  7715 | D:6      | Found a runed translucent gate.
  7715 | D:6      | Found a runed translucent gate.
  7715 | D:6      | Found a runed translucent gate.
  7719 | D:6      | Found a roughly hewn altar of Beogh.
  7751 | D:6      | Reached ***** piety under Qazlal
  8422 | D:6      | Killed vurker's ghost
  8422 | D:6      | Reached skill level 5 in Shields
  8722 | D:7      | Reached XP level 10. HP: 68/68 MP: 10/10
  8733 | D:7      | Noticed Joseph
  8759 | D:7      | Killed Joseph
 10193 | D:9      | Noticed Maggie
 10203 | D:9      | Killed Maggie
 10203 | D:9      | Reached skill level 11 in Fighting
 10420 | D:9      | Noticed Pikel
 10434 | D:9      | Killed Pikel
 10455 | D:9      | Noticed Maurice
 10466 | D:9      | Killed Maurice
 10848 | D:10     | Entered Level 10 of the Dungeon
 10848 | D:10     | Noticed a manticore
 10856 | D:10     | Noticed a cyclops
 10860 | D:10     | Reached XP level 11. HP: 57/74 MP: 11/11
 10861 | D:10     | Noticed a tengu warrior
 10867 | D:9      | Killed a manticore
 11046 | D:10     | Killed a tengu warrior
 11053 | D:10     | Reached skill level 5 in Dodging
 11062 | D:10     | Killed a cyclops
 11091 | D:10     | Reached skill level 12 in Fighting
 11344 | D:10     | Identified a scroll of acquirement
 11346 | D:10     | Got the ring of Oruynoc {*Drain rElec rPois MR+ SInv}
 11355 | D:10     | Found a staircase to the Lair.
 11434 | D:10     | Found Jyinkuo's Assorted Antiques.
 11437 | D:10     | Found Tuujeac's Distillery.
 11503 | D:10     | Found Ixiaceif's Food Shop.
 11547 | D:10     | Found Ireusez's Antique Weapon Emporium.
 11619 | D:10     | Bought a shiny scale mail for 133 gold pieces
 11666 | D:11     | Noticed a manticore
 11682 | D:11     | Noticed Fannar
 11686 | D:10     | Reached skill level 10 in Maces & Flails
 11751 | D:10     | Killed a manticore
 11767 | D:11     | Noticed a five-headed hydra
 11779 | D:10     | Killed a five-headed hydra
 11800 | D:11     | Killed Fannar
 11822 | D:11     | Reached ****** piety under Qazlal
 11838 | D:11     | Noticed a cyclops
 11848 | D:11     | Noticed a fire giant
 11855 | D:11     | Killed a cyclops
 12301 | D:11     | HP: 3/77 [fire giant/+2 great sword of flaming (1)]
 12305 | D:11     | Killed a fire giant
 12305 | D:11     | Reached skill level 13 in Fighting
 12305 | D:11     | Reached XP level 12. HP: 20/84 MP: 12/12
 12575 | D:11     | Noticed a tengu warrior
 12669 | D:11     | Killed a tengu warrior
 12736 | D:11     | Noticed a fire dragon
 12749 | D:11     | Killed a fire dragon
 12839 | D:11     | Identified the +1 eveningstar of Adockedu {drain, rPois}
 12839 | D:11     | Noticed a centaur warrior
 12858 | D:11     | Killed a centaur warrior
 13036 | D:11     | Noticed an eight-headed hydra
 13041 | D:11     | Killed an eight-headed hydra
 13073 | D:11     | Found a staircase to the Orcish Mines.
 13200 | D:11     | Reached skill level 14 in Fighting
 13515 | D:11     | Got a shimmering kite shield
 13533 | D:11     | Identified the cursed +0 kite shield of Negizxon {rN+++
                  | Str+4 Dex-4} (You found it on level 11 of the Dungeon)
 13571 | D:11     | Noticed a tengu warrior
 13588 | D:11     | Killed a tengu warrior
 13747 | D:11     | Found Unten's Weapon Boutique.
 13876 | Lair:1   | Entered Level 1 of the Lair of Beasts
 13973 | Lair:1   | Reached skill level 1 in Invocations
 14662 | Lair:2   | Reached XP level 13. HP: 85/90 MP: 14/14
 15240 | Lair:2   | Found a staircase to the Shoals.
 16494 | Lair:4   | Found a hole to the Spider Nest.
 17021 | Lair:5   | Found a staircase to the Slime Pits.
 17021 | Lair:5   | Found a viscous altar of Jiyva.
 17339 | Lair:5   | Reached skill level 5 in Invocations
 18077 | Spider:1 | Entered Level 1 of the Spider Nest
 18094 | Spider:1 | Reached skill level 10 in Shields
 18095 | Spider:1 | Noticed an entropy weaver
 18106 | Spider:1 | Killed an entropy weaver
 18106 | Spider:1 | Gained mutation: Your large and strong wings let you fly
                  | indefinitely. [Gargoyle growth]
 18106 | Spider:1 | Reached XP level 14. HP: 46/96 MP: 17/17
 18129 | Spider:1 | Noticed an entropy weaver
 18137 | Lair:4   | Reached skill level 15 in Fighting
 18367 | Spider:1 | Killed an entropy weaver
 18733 | Spider:1 | Noticed Louise
 18778 | Spider:1 | Killed Louise
 19011 | Spider:1 | Reached skill level 10 in Armour
 19763 | Orc:1    | Entered Level 1 of the Orcish Mines
 19928 | Orc:2    | Entered Level 2 of the Orcish Mines
 20162 | Orc:2    | Noticed an orc warlord
 20174 | Orc:2    | Killed an orc warlord
 20189 | Orc:2    | Noticed a stone giant
 20196 | Orc:2    | Found a roughly hewn altar of Beogh.
 20377 | Orc:2    | Killed a stone giant
 20499 | Orc:2    | Found Ehewneur's Antique Armour Emporium.
 20514 | Orc:2    | Found Akkipral's Book Emporium.
 20696 | Orc:2    | Found Ysadid's General Store.
 20775 | Orc:2    | Found a staircase to the Elven Halls.
 20929 | Orc:2    | Found Ishrinen's Antique Weapon Emporium.
 21399 | Spider:2 | Reached skill level 16 in Fighting
 21405 | Spider:2 | Reached XP level 15. HP: 94/104 MP: 20/20
 21417 | Spider:2 | Reached skill level 15 in Maces & Flails
 21447 | Spider:2 | Noticed an emperor scorpion
 21468 | Spider:2 | Killed an emperor scorpion
 21475 | Spider:2 | Noticed an emperor scorpion
 21497 | Spider:2 | Killed an emperor scorpion
 22487 | Spider:3 | Noticed a ghost moth
 22503 | Spider:3 | Killed a ghost moth
 23704 | Spider:3 | Identified Magic, Part Four
 23706 | Spider:3 | Identified Vorrotun's Papyrus of Enchanting Evil
 23824 | Spider:4 | Entered Level 4 of the Spider Nest
 23851 | Spider:4 | Noticed an emperor scorpion
 23874 | Spider:4 | Killed an emperor scorpion
 24102 | Spider:4 | Noticed an emperor scorpion
 24125 | Spider:4 | Killed an emperor scorpion
 24299 | Spider:4 | Noticed an emperor scorpion
 24311 | Spider:4 | Killed an emperor scorpion
 24371 | Spider:4 | Noticed a ghost moth
 24376 | Spider:4 | Noticed an emperor scorpion
 24562 | Spider:4 | Killed a ghost moth
 24572 | Spider:4 | Killed an emperor scorpion
 24572 | Spider:4 | Reached XP level 16. HP: 97/111 MP: 9/23
 24655 | Spider:4 | Reached skill level 10 in Invocations
 24719 | Spider:4 | Reached skill level 17 in Fighting
 25043 | Spider:4 | Got a gossamer rune of Zot
 26061 | Elf:1    | Entered Level 1 of the Elven Halls
 26146 | Elf:1    | Got a fine helmet
 26724 | Elf:1    | Identified the +1 helmet of Music {rElec Int+2} (You found
                  | it on level 1 of the Elven Halls)
 27800 | Elf:2    | Reached skill level 18 in Fighting
 28044 | Elf:2    | Reached XP level 17. HP: 91/120 MP: 24/24
 28289 | Elf:2    | Found a runed translucent gate.
 28290 | Elf:2    | Found a runed translucent gate.
 28340 | Elf:2    | Found a runed translucent gate.
 28451 | Elf:2    | Got a glittering bronze ring
 28465 | Elf:2    | Found a ruined gateway.
 28470 | Desolati | Entered the Desolation of Salt
 29142 | Elf:2    | Identified the ring of the Invisible Hand {*Slow rElec rC++
                  | Str+6 Dex+3} (You found it on level 2 of the Elven Halls)
 29228 | Elf:2    | Reached skill level 19 in Fighting
 29632 | Elf:2    | Got a pair of translucent gloves
 29643 | Elf:2    | Identified the +2 pair of gloves of Terror {rPois rCorr}
                  | (You found it on level 2 of the Elven Halls)
 30080 | D:12     | Noticed Erolcha
 30084 | D:12     | Killed Erolcha
 30322 | D:12     | Noticed Jorgrun
 30335 | D:12     | Killed Jorgrun
 30481 | D:12     | Identified the +4 spear "Dimoarui" {vorpal, Dex+4}
 31198 | D:13     | Found Sagafy's Book Shoppe.
 31215 | D:13     | HP: 6/122 [meliai/divine providence (14)]
 31217 | D:13     | Annihilated by a titanic slime creature

Illustrated notes

Levels and vault maps discovered:
D:1:      co_arrival_square_in_a_square_in_a_square, layout_basic
D:2:      minmay_recursive_quarters, layout_rooms,
          chequers_ecumenical_altar_twisty, first_ration
D:3:      layout_loops_ring, old_standard_altar, nicolae_xom_altar_mimics,
          serial_rivers, chequers_serial_rivers_large_a,
          chequers_serial_rivers_micro_b, chequers_serial_rivers_micro_b,
          chequers_serial_rivers_small_a, chequers_serial_rivers_room_b,
          chequers_serial_rivers_room_a, uniq_natasha
D:4:      kennysheep_slugbush, layout_basic, hex_tiny,
          kennysheep_generic_room_7, uniq_edmund
D:5:      lemuel_ratsnest, layout_loops_ring, kennysheep_little_box,
          grunt_gozag_breadcrumbs, grunt_dithmenos_smoke,
          minmay_temple_entry_poolview
D:6:      layout_basic, bloody_trog, gup_ossuary_entry_pyramid,
          biasface_ghost_orc_armoury
D:7:      lemuel_ice_spiral_2, layout_basic, grunt_ogre_cave, chequers_jeans,
          uniq_joseph
D:8:      layout_cave_pods
D:9:      layout_long_grid, minivault_11, uniq_maurice, uniq_pikel, uniq_maggie
D:10:     cheibrodos_fzero, layout_cross, lair_entry_dummy, serial_shops, shop,
          shop, shop_coins, shop, kennysheep_nub, minmay_unpleasant_kobolds
D:11:     minmay_complete_graph, layout_cave_pods, zombieorc2_lemuel,
          serial_shops, kennysheep_mini, uniq_fannar
D:12:     layout_basic, uniq_jorgrun, uniq_erolcha
D:13:     layout_loops_ring, gammafunk_ghost_wrathful_warriors, serial_shops,
          nicolae_shop_trees, shop_fountains, shop, nicolae_shop_crystal, shop,
          palyth_stone_intersect, chequers_serial_rivers_micro_c,
          nicolae_two_hexagons, minmay_another_anthill, uniq_nessos
Temple:   lightli_temple_of_artemis
Lair:1:   layout_chaotic_city, serial_bayou_shore_a
Lair:2:   layout_long_grid, minmay_shoals_entry_beasts, lemuel_fruit_tree,
          grunt_megastairs_4, infiniplex_staircase_pool, lemuel_fruit_fields,
          minmay_lair_oklob_chamber
Lair:3:   layout_regular_city
Lair:4:   layout_cave_shapes, nicolae_spider_entry_orb_guardian
Lair:5:   layout_roguey, slime_altar_1, special_room [special_room_bee]
Spider:1: layout_spider_delve, uniq_louise
Spider:2: layout_spider_delve
Spider:3: layout_spider_delve, worms_lemuel
Spider:4: grunt_spider_rune_circles
Orc:1:    orc_temple, layout_caves
Orc:2:    grunt_orc_cross, layout_caves
Elf:1:    eino_elf_arrival_the_gate, layout_rooms, hangedman_elf_represent
Elf:2:    layout_onion_city, portal_desolation_entry_nicolae_nacl, st_stairs_14

Skill      XL: |  1  2  3  4  5  6  7  8  9 10 11 12 13 14 15 16 17 |
---------------+----------------------------------------------------+-----
Fighting       | 4 5 6 7 9 10 11 13 14 16 18 19 | 19.4
Armour         | 4 5 6 7 8 10 | 10.0
Shields        | 4 5 7 10 | 10.0
Maces & Flails | 3 4 6 7 8 11 13 14 16 17 18 | 18.9
Dodging        | 2 4 5 |  5.0
Invocations    | 2 5 7 9 10 | 10.2

Action                   |  1- 3 |  4- 6 |  7- 9 | 10-12 | 13-15 | 16-18 || total
-------------------------+-------+-------+-------+-------+-------+-------++-------
Melee: Flail             |   149 |   192 |   333 |   140 |   261 |       ||  1075
       Whip              |       |    50 |   135 |   241 |       |       ||   426
       Eveningstar       |       |       |       |   201 |   768 |   691 ||  1660
Invok: Upheaval          |       |       |       |       |     8 |       ||     8
       Elemental Force   |       |       |       |       |     4 |     2 ||     6
       Disaster Area     |       |       |       |       |     1 |     1 ||     2
  Use: Scroll            |       |     3 |     4 |    21 |    14 |     5 ||    47
       Potion            |       |     1 |       |     1 |     3 |     8 ||    13
  Eat: Chunk             |       |     7 |     9 |    12 |    14 |     3 ||    45
       Ration            |       |     1 |     2 |     2 |     6 |     5 ||    16
Armor: Scale mail        |    94 |   151 |       |    15 |    45 |       ||   305
       Ring mail         |       |    26 |   119 |   112 |       |       ||   257
       Plate armour      |       |       |       |       |   483 |   307 ||   790
Dodge: Dodged            |    47 |    85 |    61 |    80 |   196 |    83 ||   552
       Repelled          |       |       |       |     7 |     4 |    13 ||    24
Block: Kite shield       |    89 |   194 |    79 |       |       |       ||   362
       Tower shield      |       |       |   301 |   637 |  1414 |   731 ||  3083

Table legend:
 A = Non-vault XP
 B = Vault XP
 C = Vault XP percentage of total XP
 D = Non-vault monster count
 E = Vault monster count
 F = Vault count percentage of total count
                 A         B        C        D         E       F
            +---------+---------+-------+---------+---------+-------
      Total |  126480 |  108166 |  46.1 |     588 |     345 |  37.0
            +---------+---------+-------+---------+---------+-------
        D:1 |      68 |       3 |   4.2 |      35 |       2 |   5.4
        D:2 |     127 |      16 |  11.2 |      24 |       3 |  11.1
        D:3 |     209 |      35 |  14.3 |      26 |       1 |   3.7
        D:4 |     303 |     197 |  39.4 |      19 |       9 |  32.1
        D:5 |     635 |     246 |  27.9 |      13 |      33 |  71.7
        D:6 |     746 |    1017 |  57.7 |      31 |      10 |  24.4
        D:7 |     825 |     555 |  40.2 |      14 |       2 |  12.5
        D:8 |    1010 |       0 |   0.0 |      21 |       0 |   0.0
        D:9 |     738 |    1990 |  72.9 |       8 |       4 |  33.3
       D:10 |    1259 |    4054 |  76.3 |      13 |      19 |  59.4
       D:11 |    2194 |   11502 |  84.0 |      34 |      60 |  63.8
       D:12 |    4435 |    4121 |  48.2 |      42 |       2 |   4.5
       D:13 |     572 |       0 |   0.0 |       2 |       0 |   0.0
     Lair:1 |    2739 |       0 |   0.0 |      15 |       0 |   0.0
     Lair:2 |    5588 |    4153 |  42.6 |      23 |       9 |  28.1
     Lair:3 |    2762 |       0 |   0.0 |      15 |       0 |   0.0
     Lair:4 |    7387 |     613 |   7.7 |      23 |       1 |   4.2
     Lair:5 |    2432 |    2517 |  50.9 |       9 |      25 |  73.5
   Spider:1 |   14273 |    1620 |  10.2 |      35 |       1 |   2.8
   Spider:2 |   14205 |       0 |   0.0 |      41 |       0 |   0.0
   Spider:3 |   18679 |    2515 |  11.9 |      49 |       7 |  12.5
   Spider:4 |    3497 |   24562 |  87.5 |      10 |      33 |  76.7
      Orc:1 |     133 |    1022 |  88.5 |       1 |       2 |  66.7
      Orc:2 |    2564 |    6457 |  71.6 |      19 |      31 |  62.0
      Elf:1 |   15738 |    8608 |  35.4 |      26 |      12 |  31.6
      Elf:2 |   23362 |   27860 |  54.4 |      40 |      37 |  48.1
    Ossuary |       0 |     864 | 100.0 |       0 |      34 | 100.0
 Desolation |       0 |    3639 | 100.0 |       0 |       8 | 100.0
            +---------+---------+-------+---------+---------+-------
